 Dungeon Crawl Stone Soup version 0.24.0-125-gc4c63601f3 (webtiles) character file.

Game seed: 5051810890806333359, levelgen mode: deterministic

33 Martska the Skirmisher (level 3, 29/29 HPs)
             Began as a Demonspawn Fighter on Feb 23, 2020.
             Quit the game on level 2 of the Dungeon on Feb 24, 2020.
             The game lasted 00:03:00 (1156 turns).

Martska the Skirmisher (Demonspawn Fighter)         Turns: 1156, Time: 00:03:01

Health: 29/29      AC:  6    Str: 17    XL:     3   Next: 12%
Magic:  3/3        EV:  7    Int:  9    God:
Gold:   78         SH:  9    Dex: 14    Spells: 2/2 levels left

rFire    . . .     SeeInvis .   e - +2 dagger (vamp)
rCold    . . .     Gourm    .   c - +0 shield
rNeg     . . .     Faith    .   b - +0 scale mail
rPois    .         Spirit   .   (no helmet)
rElec    .         Reflect  .   (no cloak)
rCorr    .         Harm     .   (no gloves)
MR       .....                  (no boots)
Stlth    +.........             (no amulet)
HPRegen  0.09/turn              (no ring)
MPRegen  0.08/turn              (no ring)

@: no status effects
A: thin skeletal structure 1, powered by pain 1
a: no special abilities


You were on level 2 of the Dungeon.
You were hungry.

You visited 1 branch of the dungeon, and saw 2 of its levels.

You collected 78 gold pieces.

Inventory:

Hand Weapons
 a - a +0 rapier
 e - a +2 vampiric dagger (weapon)
Armour
 b - a +0 scale mail (worn)
 c - a +0 shield (worn)
Scrolls
 h - 3 scrolls of identify {unknown}
 i - a scroll of enchant weapon {unknown}
 k - a scroll of immolation {unknown}
 l - a scroll of remove curse {unknown}
Potions
 d - a potion of might
 g - a potion of haste {unknown}
 j - a potion of heal wounds {unknown}
Comestibles
 f - 4 rations


   Skills:
 + Level 3.3 Fighting
 + Level 2.1 Short Blades
 - Level 3.0 Armour
 + Level 0.1 Stealth
 + Level 3.1 Shields


You had 2 spell levels left.
You didn't know any spells.
Your spell library was empty.

Dungeon Overview and Level Annotations

Branches:
Dungeon (2/15)

Altars:
Hepliaklqana
Nemelex Xobeh
Uskayaw


Innate Abilities, Weirdness & Mutations

You have a somewhat thin skeletal structure. (Dex +2, Stealth)
You sometimes gain a little power by taking damage.


Message History

A giant cockroach is nearby!
A giant cockroach is nearby!
You block the giant cockroach's attack.
The giant cockroach bites you but does no damage.
You hit the giant cockroach but do no damage.
The giant cockroach bites you but does no damage.
You hit the giant cockroach.
The giant cockroach is almost dead.
The giant cockroach closely misses you.
You hit the giant cockroach but do no damage.
The giant cockroach is almost dead.
You block the giant cockroach's attack.
You puncture the giant cockroach!
You kill the giant cockroach!
You see here a giant cockroach corpse.
Welcome back, Martska the Demonspawn Fighter.
Press ? for a list of commands and other information.
Are you sure you want to abandon this character and quit the game? (Confirm with "yes".)
Okay, then.
Are you sure you want to abandon this character and quit the game? (Confirm with "yes".)

### ..# #.# #.# #.# #.#
#### #.# #... #######@#
#... #.......# #...
#.####### #... #.#
################... #.#
#.............#.... #.#
#.###########.#....
#.####..................
#.##...†................
#....##########.#..#.#..


There were no monsters in sight!

Vanquished Creatures
  An adder (D:2)
  2 dart slugs (D:1)
  2 giant cockroaches (D:2)
  5 goblins
  2 hobgoblins
  A kobold (D:1)
  A quokka (D:2)
  A bat (D:2)
  A frilled lizard (D:1)
  3 rats
19 creatures vanquished.

Notes
Turn   | Place    | Note
-------+----------+-------------------------------------------
     0 | D:1      | Martska the Demonspawn Fighter began the quest for the Orb.
     0 | D:1      | Reached XP level 1. HP: 18/18 MP: 1/1
   202 | D:1      | Gained mutation: You have a somewhat thin skeletal
                  | structure. (Dex +2, Stealth) [demonic ancestry]
   202 | D:1      | Reached XP level 2. HP: 22/24 MP: 2/2
   821 | D:2      | Found a sparkling altar of Nemelex Xobeh.
   829 | D:2      | Found a hazy altar of Hepliaklqana.
   829 | D:2      | Found a hide-covered altar of Uskayaw.
   955 | D:2      | Gained mutation: You sometimes gain a little power by
                  | taking damage. [demonic ancestry]
   955 | D:2      | Reached XP level 3. HP: 29/29 MP: 3/3
  1156 | D:2      | Quit the game

Levels and vault maps discovered:
D:1:      saegor_arrival_simple_a, layout_basic, wad_floor_pattern_1,
          kennysheep_another_room
D:2:      layout_basic, minitemple

Skill      XL: |  1  2 |
---------------+-------+-----
Armour         | 3 |  3.0
Short Blades   | 2 |  2.1
Shields        | 3 |  3.1
Fighting       | |  3.3
Stealth        | |  0.1

Action                   || total
-------------------------++-------
Melee: Dagger            ||    65
Armor: Scale mail        ||    23
Dodge: Dodged            ||    17
Block: Shield            ||    38
